 Dungeon Crawl Stone Soup version 0.30-b1-2-g02819fbbbe (webtiles) character file.

Game seed: 658898864224066029

63 prikolics the Grasshopper (level 4, 0/39 HPs)
             Began as a Naga Warper on Aug 8, 2023.
             Succumbed to an orc's poison
             ... on level 3 of the Dungeon.
             The game lasted 00:13:23 (1927 turns).

prikolics the Grasshopper (Naga Warper)             Turns: 1927, Time: 00:13:23

Health: 0/39       AC:  4    Str: 13    XL:     4   Next: 9%
Magic:  7/7        EV:  9    Int: 15    God:
Gold:   119        SH:  0    Dex: 11    Spells: 5/7 levels left

rFire   . . .        l - +0 trident
rCold   . . .        (no shield)
rNeg    . . .        b - +0 leather armour
rPois   +            g - +0 helmet
rElec   .            (no cloak)
rCorr   .            (no gloves)
SInv    +            (no barding)
Will    .....        i - amulet of magic regeneration
Stlth   +            (no ring)
HPRegen 0.26/turn    (no ring)
MPRegen 0.50/turn

%: no passive effects
@: lethally poisoned (0 -> -2), short of breath, hasted, invisible, quick
A: AC +1, large, see invisible, deformed body, poison resistance, slowness 2,
spit poison 1, naga tail 1
a: Spit Poison


You were on level 3 of the Dungeon.
You visited 1 branch of the dungeon, and saw 3 of its levels.

You collected 119 gold pieces.

Inventory:

Hand Weapons
 l - a +0 trident (weapon)
 r - a +0 dagger of speed
 y - a +0 trident
Missiles
 d - 7 boomerangs of dispersal (quivered)
 j - 50 stones
 s - 2 boomerangs
Armour
 b - a +0 leather armour (worn)
 g - a +0 helmet (worn)
Jewellery
 i - an amulet of magic regeneration (around neck)
 u - a ring of resist corrosion
Wands
 p - a wand of polymorph (3)
 v - a wand of flame (7)
Scrolls
 c - a scroll of blinking
 e - a scroll of fog {unknown}
 f - a scroll of magic mapping {unknown}
 h - 5 scrolls of identify {unknown}
 k - 5 scrolls of immolation {unknown}
 t - a scroll of enchant weapon {unknown}
 w - a scroll of fear {unknown}
Potions
 m - 2 potions of haste
 n - a potion of lignification {unknown}
 o - a potion of invisibility
 q - 2 potions of curing {unknown}
 x - a potion of resistance {unknown}


   Skills:
 + Level 2.3 Fighting
 + Level 2.8 Polearms
 + Level 0.8 Throwing
 + Level 1.4 Armour
 + Level 2.0 Dodging
 + Level 0.3 Stealth
 + Level 2.1 Spellcasting
 + Level 3.2 Translocations


You had 5 spell levels left.
You knew the following spells:

 Your Spells              Type           Power      Damage    Failure   Level
a - Blink                 Tloc           22%        N/A       11%         2

Your spell library contained the following spells:

 Spells                   Type           Power      Damage    Failure   Level
 Lesser Beckoning         Tloc           22%        N/A       11%         2
 Teleport Other           Tloc           11%        N/A       22%         3
 Freeze                   Ice            4%         1d3       28%         1
 Vhi's Electric Charge    Tloc/Air       12%        N/A       41%         3
 Manifold Assault         Tloc           11%        N/A       58%         4
 Dazzling Flash           Conj/Hex       2%         N/A       63%         3
 Sticky Flame             Conj/Fire      1%         2d3       95%         4
 Arcjolt                  Conj/Air       0%         1d10      100%        5


Dungeon Overview and Level Annotations

Branches:
Dungeon (3/15)

Altars:

Annotations:
D:3 3 runed translucent doors, BerneyBell's ghost, amateur HOFi


Innate Abilities, Weirdness & Mutations

Your serpentine skin is tough. (AC +1)
You have supernaturally acute eyesight. (SInv)
Armour fits poorly on your strangely shaped body.
Your system is resistant to poisons. (rPois)
You cover ground very slowly.
You can spit poison.
You have a snake-like lower body.


Message History

You hit the goblin.
The goblin is heavily wounded.
The goblin hits you but does no damage. x2
You hit the goblin.
You kill the goblin!
You have got your breath back.
A bat comes into view.
You hit the orc but do no damage. The orc barely misses you.
You closely miss the orc. The orc hits you but does no damage.
You barely miss the orc. The orc hits you but does no damage.
You hit the orc but do no damage. The orc hits you but does no damage.
You are poisoned.
Aiming: Spit Poison (1% risk of failure)
Press: ? - help, Shift-Dir - straight line, f - orc
Aim: an orc, wielding a +0 flail of venom (59% to hit)
The splash of poison hits the orc.
The orc is poisoned.
The orc is moderately wounded.
You feel very sick. The orc misses you.
You puncture the orc!
You kill the orc!
You feel sick.
You closely miss the orc.
You feel sick. The orc barely misses you.
Okay, then.
You drop a +0 spear.
You have got your breath back.
You feel sick. The orc hits you but does no damage.
You stop dropping stuff.
It was a potion of haste.
You feel yourself speed up.
You feel sick. The orc hits you with a +0 hand axe.
* * * LOW HITPOINT WARNING * * *
Aiming: Spit Poison (1% risk of failure)
Press: ? - help, Shift-Dir - straight line, f - orc
Aim: an orc, wielding a +0 hand axe (59% to hit)
The splash of poison misses the orc.
The splash of poison hits the orc!
You kill the orc!
The orc hits you with a +0 hand axe.
* * * LOW HITPOINT WARNING * * *
It was a potion of invisibility.
You fade into invisibility!
You die...

.....................#
.....................##
################......#
#......# #......#
#####.## ..# ## #.#
#...#b######.#
#..ogo@....#
#...#B####†.## ..#
###....## #####...####
####......##
##.........# #
#..##......#
#####.###.....##
......# #.....#


You could see 2 orcs, a giant cockroach (unable to see you), a goblin (unable to
see you) and a bat.

Vanquished Creatures
  An adder (D:3)
  2 dart slugs (D:1)
  3 orcs (D:3)
  6 bats
  4 endoplasms
  2 giant cockroaches
  5 goblins
  A hobgoblin (D:3)
  6 kobolds
  A quokka (D:1)
  5 ball pythons
  A frilled lizard (D:2)
  6 rats
43 creatures vanquished.

Vanquished Creatures (others)
  2 plants (D:1)
2 creatures vanquished.

Grand Total: 45 creatures vanquished

Notes
Turn   | Place    | Note
-------+----------+-------------------------------------------
     0 | D:1      | prikolics the Naga Warper began the quest for the Orb.
     0 | D:1      | Reached XP level 1. HP: 19/19 MP: 3/3
    81 | D:1      | Reached XP level 2. HP: 25/26 MP: 5/5
   908 | D:2      | Reached skill level 1 in Armour
   908 | D:2      | Reached XP level 3. HP: 30/32 MP: 6/6
  1600 | D:3      | Noticed BerneyBell's ghost (amateur HOFi)
  1602 | D:3      | Found a runed translucent gate.
  1602 | D:3      | Found a runed translucent gate.
  1602 | D:3      | Found a runed translucent gate.
  1801 | D:3      | Got Sif Muna's Atlas of Wild Hail
  1805 | D:3      | Learned a level 2 spell: Blink
  1808 | D:3      | Found a faded altar of an unknown god.
  1914 | D:3      | Reached XP level 4. HP: 13/39 MP: 7/7
  1926 | D:3      | HP: 1/39 [orc/+0 hand axe (4)]
  1927 | D:3      | Succumbed to an orc's poison

Illustrated notes

Levels and vault maps discovered:
D:1:      lightli_arrival_statue_moat, layout_rooms, serial_bayou,
          serial_bayou_pond_d, serial_bayou_shore_a, serial_bayou_pond_c,
          serial_bayou_lake_a
D:2:      layout_basic
D:3:      minmay_spotlight, layout_basic, gammafunk_ghost_split,
          nicolae_ecumenical_lake_church

Skill      XL: |  1  2 |
---------------+-------+-----
Dodging        | 2 |  2.0
Armour         | 1 |  1.4
Fighting       | |  2.3
Polearms       | |  2.8
Throwing       | |  0.8
Stealth        | |  0.3
Spellcasting   | |  2.1
Translocations | |  3.2

Action                     |  1- 3 |  4- 6 || total
---------------------------+-------+-------++-------
  Melee: Spear             |    40 |       ||    40
         Trident           |    89 |     9 ||    98
Ability: Spit Poison       |    22 |     2 ||    24
    Use: Potion            |       |     2 ||     2
 Armour: Leather armour    |    31 |     6 ||    37
  Dodge: Dodged            |    68 |     4 ||    72
